 Dungeon Crawl Stone Soup version 0.22.1-1-ga44c0e5 (webtiles) character file.

103 Irenicus the Chopper (level 4, -2/40 HPs)
             Began as a Deep Dwarf Monk on Oct 7, 2018.
             Killed by divine providence
             ... invoked by an orc priest
              (12 damage)
             ... on level 3 of the Dungeon.
             The game lasted 00:05:41 (880 turns).

Irenicus the Chopper (Deep Dwarf Monk)               Turns: 880, Time: 00:05:42

Health: -2/40      AC:  3    Str: 19    XL:     4   Next: 51%
Magic:  3/3        EV: 13    Int: 16    God:
Gold:   116        SH:  0    Dex: 16    Spells: 3/3 levels left

rFire    . . .     SeeInvis .   a - +0 hand axe
rCold    . . .     Gourm    .   (no shield)
rNeg     . . .     Faith    .   d - +0 leather armour
rPois    .         Spirit   .   (no helmet)
rElec    .         Reflect  .   (no cloak)
rCorr    .         Harm     .   (no gloves)
MR       .....                  (no boots)
Stlth    ++........             (no amulet)
HPRegen  0.00/turn              (no ring)
MPRegen  0.08/turn              (no ring)

@: mighty, brilliant, non-regenerating, slowed, very slow
A: damage resistance, heal wounds, sense surroundings 1, no regeneration
a: Heal Wounds


You were on level 3 of the Dungeon.
You were not hungry.

You visited 1 branch of the dungeon, and saw 3 of its levels.

You collected 116 gold pieces.

Inventory:

Hand Weapons
 a - a +0 hand axe (weapon)
Armour
 d - a +0 leather armour (worn)
   (You found it on level 1 of the Dungeon)
 h - a +0 buckler
   (You found it on level 2 of the Dungeon)
Scrolls
 b - a scroll of enchant weapon {unknown}
 e - 3 scrolls of teleportation {unknown}
 j - a scroll of amnesia {unknown}
 k - a scroll of identify {unknown}
 l - a scroll of remove curse {unknown}
Potions
 g - a potion of heal wounds
Comestibles
 c - 5 rations


   Skills:
 - Level 2.6 Fighting
 + Level 5.9 Axes
 - Level 3.2 Dodging
 - Level 2.4 Stealth


You had 3 spell levels left.
You didn't know any spells.
Your spell library was empty.

Dungeon Overview and Level Annotations

Branches:
Dungeon (3/15)

Altars:
Cheibriados
Wu Jian


Innate Abilities, Weirdness & Mutations

You are resistant to damage.
You can heal yourself by infusing magical energy.
You passively map a small area around you.
You do not regenerate.


Message History

You hit the rat.
You kill the rat!
You see here 12 gold pieces.
You now have 116 gold pieces (gained 12).
You see here a robe.
A leopard gecko comes into view.
The leopard gecko closely misses you. The leopard gecko bites you.
You miss the leopard gecko.
The leopard gecko bites you but does no damage.
You barely miss the leopard gecko.
The leopard gecko bites you but does no damage.
You hit the leopard gecko. The leopard gecko closely misses you.
You miss the leopard gecko. The leopard gecko bites you.
You take 2 damage, and have 13/40 hp.
You hit the leopard gecko.
You kill the leopard gecko!
You see here a leopard gecko corpse.
Found an ornate altar of the Wu Jian Council.
A kobold and an orc priest come into view.
The kobold throws a stone.
The stone closely misses you. 3 orcs and 2 orc priests come into view.
The orc shouts!
An orc wizard comes into view. It is wielding a dagger.
The kobold throws a stone.
The stone hits you but does no damage.
An orc comes into view. It is wielding a flail.
The kobold barely misses you.
The orc priest shouts!
The orc shouts! x2
The kobold throws a stone.
The stone misses you.
The orc wizard shouts!
It was a potion of brilliance.
You feel clever all of a sudden.
The orc shouts!
The orc priest shouts!
It was a potion of heal wounds.
You feel much better. The orc priest misses you.
Health restored: 40 You aren't carrying any items that you can evoke.
Okay, then.
Okay, then.
You hit the orc priest.
The orc priest hits you with a hand axe.
The orc priest looks braver for a moment.
You take 1 damage, and have 39/40 hp.
You hit the orc priest.
The orc priest hits you with a hand axe.
You take 1 damage, and have 38/40 hp.
You hit the orc priest. You closely miss the orc. You closely miss the orc.
The orc closely misses you.
Okay, then.
You hit the orc. The orc barely misses you.
You barely miss the orc. The orc closely misses you.
The orc hits you from afar with a trident.
You take 2 damage, and have 36/40 hp.
You barely miss the orc. The orc closely misses you. x2
You hit the orc. The orc hits you with a short sword.
The orc hits you from afar with a trident.
You take 6 damage, and have 30/40 hp.
You slash the orc!
You kill the orc!
The orc closely misses you.
You closely miss the orc wizard.
The orc wizard hits you but does no damage.
The orc priest begins to cast a cantrip, but forgets the words!
You closely miss the orc wizard. The orc barely misses you.
The orc wizard barely misses you.
You hit the orc wizard but do no damage.
The orc priest calls upon Beogh to heal the orc priest.
The orc priest is healed somewhat.
The orc wizard casts a spell.
The orc wizard blinks!
The orc misses you.
You hit the orc but do no damage. The orc closely misses you.
The orc hits you from afar with a trident!
You take 8 damage, and have 22/40 hp.
You barely miss the orc. The orc barely misses you. The orc closely misses you.
You hit the orc. The orc closely misses you. The orc barely misses you.
The orc priest looks encouraged for a moment.
It was a potion of might.
You feel very mighty all of a sudden.
The orc wizard casts a spell.
The orc wizard blinks!
The orc hits you from afar with a trident.
The orc misses you.
You take 2 damage, and have 20/40 hp.
You barely miss the orc. You closely miss the orc. The orc closely misses you.
The orc priest looks braver for a moment.
You slash the orc!
You kill the orc!
The orc wizard casts a spell at you.
You feel yourself slow down.
The orc priest casts a cantrip, but nothing happens.
You slash the kobold!
You kill the kobold!
The orc priest begins to cast a cantrip, but forgets the words!
The orc priest calls down the wrath of Beogh upon you.
Beogh smites you!
* * * LOW HITPOINT WARNING * * *
The orc priest invokes the aid of Beogh against you.
Beogh smites you!
You die...

##..[....#####.........#
################.......#
.......................#
...#.†.#...#...#(......#
...............).#######
...#...#...#...#.#
.................#
################.# * * ,
, ,, #@# * * , , ,#o# *
*,#...ooo....# * * ,
#....o.....#
*#..........# * *
#.....$....# ,
#(.........# * , *
#..?.......#
#..#########


You could see 3 orc priests, an orc wizard and an orc.

Vanquished Creatures
  2 adders (D:2)
  2 dart slugs
  4 leopard geckos
  3 orcs
  A ball python (D:1)
  A bat (D:1)
  6 giant cockroaches
  9 goblins
  7 hobgoblins
  2 jackals (D:3)
  3 quokkas
  2 frilled lizards
  15 kobolds
  12 rats
69 creatures vanquished.

Notes
Turn   | Place    | Note
-------+----------+-------------------------------------------
     0 | D:1      | Irenicus the Deep Dwarf Monk began the quest for the Orb.
     0 | D:1      | Reached XP level 1. HP: 20/20 MP: 1/1
    59 | D:1      | Reached skill level 4 in Axes
    59 | D:1      | Reached XP level 2. HP: 13/27 MP: 2/2
   241 | D:1      | Reached XP level 3. HP: 10/33 MP: 3/3
   276 | D:1      | HP: 7/33 [hobgoblin/club (3)]
   455 | D:2      | Reached skill level 5 in Axes
   543 | D:2      | HP: 8/33 [kobold (2)]
   587 | D:2      | Reached XP level 4. HP: 28/40 MP: 3/3
   677 | D:3      | Found a snail-covered altar of Cheibriados.
   840 | D:3      | Found an ornate altar of the Wu Jian Council.
   880 | D:3      | HP: 10/40 [orc priest/divine providence (10)]
   880 | D:3      | Killed from afar by an orc priest

Skill      XL: |  1  2  3 |
---------------+----------+-----
Axes           | 4 5 |  5.9
Fighting       | |  2.6
Dodging        | |  3.2
Stealth        | |  2.4

Action                   |  1- 3 |  4- 6 || total
-------------------------+-------+-------++-------
Melee: Hand axe          |   138 |    73 ||   211
 Abil: Heal Wounds       |     2 |       ||     2
  Use: Potion            |       |     3 ||     3
 Stab: Sleeping          |     6 |     1 ||     7
Armor: Robe              |     7 |       ||     7
       Leather armour    |     7 |    14 ||    21
Dodge: Dodged            |    84 |    60 ||   144

Vault maps used:
D:1:      moated_graveyard_arrival
D:2:      first_ration, corexii_item_surrounded_by_moat, minmay_pentomino_w4
D:3:      lemuel_coloured_pillars_altar, cheibriados_altar_1

Table legend:
 A = Turns spent in this place as a percentage of turns spent in the entire game.
 B = Non-inter-level travel turns spent in this place as a percentage of non-inter-level travel turns spent in the entire game.
 C = Inter-level travel turns spent in this place as a percentage of turns spent in this place.
 D = Turns resting spent in this place as a percentage of non-inter-level travel turns spent in this place.
 E = Turns spent auto-exploring this place as a percentage of non-inter-level travel turns spent in this place.
 F = Non-inter-level travel turns spent in this place divided by the number of levels of this place that you've seen.
                   A       B       C       D       E      F
               +-------+-------+-------+-------+-------+----------------------
         Total | 100.0 | 100.0 |   1.7 |   0.0 |   0.0 | 288.3
       Dungeon | 100.0 | 100.0 |   1.7 |   0.0 |   0.0 | 288.3
               +-------+-------+-------+-------+-------+----------------------

Table legend:
 A = Kills in this place as a percentage of kills in entire the game.
 B = Kills by you in this place as a percentage of kills by you in the entire game.
 C = Kills by friends in this place as a percentage of kills by friends in the entire game.
 D = Other kills in this place as a percentage of other kills in the entire game.
 E = Experience gained in this place as a percentage of experience gained in the entire game.
 F = Experience gained in this place divided by the number of levels of this place that you have seen.
                   A       B       C       D       E      F
               +-------+-------+-------+-------+-------+----------------------
         Total | 100.0 | 100.0 |   N/A |   N/A | 100.0 |  49.3
       Dungeon | 100.0 | 100.0 |   N/A |   N/A | 100.0 |  49.3
               +-------+-------+-------+-------+-------+----------------------
